 Dungeon Crawl Stone Soup version 0.26-a0-52-gd53d4cd058 (webtiles) character file.

Game seed: 4522322903175485402

112 Derenoc the Slasher (level 4, 0/37 HPs)
             Began as a Demonspawn Chaos Knight on June 5, 2020.
             Was a Plaything of Xom.
             Slain by a gnoll
             ... wielding a +0 whip
              (3 damage)
             ... on level 2 of the Dungeon.
             The game lasted 00:09:35 (1438 turns).

Derenoc the Slasher (Demonspawn Chaos Knight)       Turns: 1438, Time: 00:09:36

Health: 0/37       AC:  8    Str: 13    XL:     4   Next: 63%
Magic:  4/4        EV:  3    Int: 14    God:    Xom [..*...]
Gold:   50         SH:  6    Dex: 12    Spells: 3/3 levels left

rFire    . . .     SeeInvis .   a - +0 falchion (chaos)
rCold    . . .     Gourm    .   g - +0 kite shield
rNeg     . . .     Faith    .   d - +0 chain mail (curse)
rPois    .         Spirit   .   (helmet restricted)
rElec    .         Reflect  .   (no cloak)
rCorr    .         Harm     .   (no gloves)
MR       .....                  (no boots)
Stlth    ..........             (no amulet)
HPRegen  0.12/turn              (no ring)
MPRegen  0.09/turn              (no ring)

@: no status effects
A: antennae 1, powered by death 1
a: Renounce Religion


You were on level 2 of the Dungeon.
You worshipped Xom.
You were a toy of Xom.
You were not hungry.

You visited 1 branch of the dungeon, and saw 2 of its levels.

You collected 50 gold pieces.

Inventory:

Hand Weapons
 a - a +0 falchion of chaos (weapon)
Armour
 b - a +2 leather armour
 d - a cursed +0 chain mail (worn)
 g - a +0 kite shield (worn)
 h - a +3 ring mail
Scrolls
 e - a scroll of fog {unknown}
 j - a scroll of enchant weapon {unknown}
Comestibles
 c - 2 rations
 f - 4 chunks of flesh


   Skills:
 + Level 3.8 Fighting
 + Level 4.0 Long Blades
 + Level 2.4 Armour
 - Level 0.8 Dodging
 - Level 0.1 Stealth


You had 3 spell levels left.
You didn't know any spells.
Your spell library was empty.

Dungeon Overview and Level Annotations

Branches:
Dungeon (2/15)

Altars:

Annotations:
Abyss:1 Robin


Innate Abilities, Weirdness & Mutations

You have a pair of small antennae on your head.
You regenerate a little health from kills.


Message History

You hit the gnoll but do no damage.
The gnoll is almost dead.
The gnoll hits you but does no damage. The gnoll hits you with a +0 whip!
* * * LOW HITPOINT WARNING * * *
It was a potion of curing.
You feel better.
Xom is highly amused! "Let's try an experiment, hmmm?"
Your chain mail briefly appears rusty.
You block the gnoll's attack. The gnoll barely misses you.
You closely miss the gnoll.
The gnoll is almost dead.
You block the gnoll's attack. The gnoll hits you with a +0 whip!
* * * LOW HITPOINT WARNING * * *
"See what I see, my child!"
You detect creatures!
You hit the gnoll but do no damage.
The gnoll flickers and vanishes!
Deactivating autopickup; reactivate with Ctrl-A.
Xom thinks this is hilarious!
Something hits you.
You die...

#.#...#.#
####.#####
#####.##.##(#
####.###..
#...........#
#.........
#.###.#####.#
#.#####... #.#
#.#####.# # #...
#.# #..÷....#
#...
###.###########
#...
#...†.........#.#
#.#.
#.#.....{@.......
w..#.
#....#.g#####.#.#
#####
###.#.$.g.†..#
.......#†.##g##.
.##.............
# #.##g###.....#
#. #.# ..g..# #
#. .....# #.
.....#


You could see 2 gnolls.

Vanquished Creatures
  Natasha (D:2)
  An adder (D:2)
  2 worms (D:2)
  2 dart slugs
  3 leopard geckos
  4 giant cockroaches
  15 goblins
  9 hobgoblins
  5 bats
  6 frilled lizards
  3 kobolds (D:2)
  4 rats
55 creatures vanquished.

Notes
Turn   | Place    | Note
-------+----------+-------------------------------------------
     0 | D:1      | Derenoc the Demonspawn Chaos Knight began the quest for the
                  | Orb.
     0 | D:1      | Reached XP level 1. HP: 18/18 MP: 1/1
   157 | D:1      | Reached skill level 3 in Long Blades
   157 | D:1      | Gained mutation: You regenerate a little health from kills.
                  | [demonic ancestry]
   157 | D:1      | Reached XP level 2. HP: 22/24 MP: 2/2
   230 | D:1      | XOM: smoke on damage
   819 | D:1      | XOM: divination: detect items
   865 | D:2      | Reached XP level 3. HP: 29/29 MP: 3/3
   924 | D:2      | Noticed Robin
   952 | D:2      | Banished Robin
  1155 | D:2      | Gained mutation: You have a pair of small antennae on your
                  | head. [demonic ancestry]
  1155 | D:2      | Reached XP level 4. HP: 36/37 MP: 4/4
  1229 | D:2      | XOM: silly message
  1319 | D:2      | XOM: silly message
  1335 | D:2      | Noticed Natasha
  1338 | D:2      | Killed Natasha
  1338 | D:2      | Reached skill level 4 in Long Blades
  1364 | D:2      | XOM: silly message
  1433 | D:2      | XOM: silly message
  1437 | D:2      | XOM: divination: detect creatures
  1438 | D:2      | Slain by a gnoll

Illustrated notes

Levels and vault maps discovered:
D:1:      lightli_molten_gateway, layout_loops_ring, minmay_statues_item
D:2:      layout_loops_cross, st_stairs_5, nicolae_ru_path_of_blood,
          uniq_natasha, uniq_robin

Skill      XL: |  1  2  3  4 |
---------------+-------------+-----
Long Blades    | 3 4 |  4.0
Armour         | 2 |  2.4
Fighting       | |  3.8
Dodging        | |  0.8
Stealth        | |  0.1

Action                   |  1- 3 |  4- 6 || total
-------------------------+-------+-------++-------
Melee: Falchion          |   132 |    53 ||   185
  Use: Scroll            |     3 |       ||     3
       Potion            |       |     1 ||     1
  Eat: Chunk             |     1 |     1 ||     2
Armor: Chain mail        |    80 |    33 ||   113
Dodge: Dodged            |    49 |    11 ||    60
Block: Kite shield       |       |    10 ||    10
       Rpst.: Falchion   |    14 |     3 ||    17

Table legend:
 A = Non-vault XP
 B = Vault XP
 C = Vault XP percentage of total XP
 D = Non-vault monster count
 E = Vault monster count
 F = Vault count percentage of total count
                 A         B        C        D         E       F
            +---------+---------+-------+---------+---------+-------
      Total |      91 |      69 |  43.1 |      42 |      14 |  25.0
            +---------+---------+-------+---------+---------+-------
        D:1 |      40 |       0 |   0.0 |      23 |       0 |   0.0
        D:2 |      51 |      69 |  57.5 |      19 |      14 |  42.4
            +---------+---------+-------+---------+---------+-------
